 Dungeon Crawl Stone Soup version 0.31.0 (webtiles) character file.

Game seed: 15455149615869392070

66 qw the Shooter (level 4, -1/28 HPs)
             Began as a Gargoyle Hunter on Jan 20, 2024.
             Slain by Sigmund
             ... wielding a +0 scythe
              (6 damage)
             ... on level 2 of the Dungeon.
             The game lasted 00:00:04 (1539 turns).

qw the Shooter (Gargoyle Hunter)                    Turns: 1539, Time: 00:00:05

Health: -1/28      AC:  6    Str: 15    XL:     4   Next: 15%
Magic:  4/4        EV: 11    Int:  9    God:
Gold:   94         SH:  0    Dex: 15    Spells: 3/3 levels left

rFire   + . .        a - +0 shortbow (flame)
rCold   + . .        (shield currently unavailable)
rNeg    + . .        c - +0 leather armour
rPois   inf          (no helmet)
rElec   +            (no cloak)
rCorr   +            (no gloves)
SInv    .            (no boots)
Will    .....        (no amulet)
Stlth   +            (no ring)
HPRegen 0.24/turn    (no ring)
MPRegen 0.09/turn

%: no passive effects
@: confused, brilliant, resistant, on berserk cooldown, hasted and slowed
A: sickness immunity, AC +3, negative energy resistance 1, electricity
resistance, torment resistance 1, petrification resistance
a: no special abilities


You were on level 2 of the Dungeon.
You visited 1 branch of the dungeon, and saw 2 of its levels.

You collected 94 gold pieces.


Innate Abilities, Weirdness & Mutations

You are immune to sickness and miasma.
Your stone body is resilient. (AC +3)
You are immune to poison.
You resist negative energy. (rN+)
You are resistant to electric shocks. (rElec)
You are resistant to unholy torment.
You are immune to petrification.


   Skills:
 - Level 3.0 Fighting
 + Level 5.2 Ranged Weapons
 - Level 1.5 Dodging
 - Level 1.1 Stealth


You had 3 spell levels left.
You didn't know any spells.
Your spell library was empty.

Inventory:

Hand Weapons
 a - a +0 shortbow of flaming (weapon)
Armour
 c - a +0 leather armour (worn)
Scrolls
 b - a scroll of revelation {unknown}
 e - 2 scrolls of teleportation
 g - a scroll of enchant weapon {unknown}

Dungeon Overview and Level Annotations

Branches:
Dungeon (2/15)

Altars:

Annotations:
D:2 1 runed translucent door, Crazy Yiuf, Sigmund


Message History

You feel yourself moving faster!
You feel mighty!
Sigmund hits you from afar with a +0 scythe.
You feel a strong urge to attack something.
You feel your anger nearly subside. Sigmund barely misses you.
You are no longer berserk.
You are exhausted.
You feel yourself slow down.
1519 ||| DRINKING murky sapphire potion.
It was a potion of resistance.
You feel protected.
Sigmund hits you from afar with a +0 scythe.
Sigmund points at you and mumbles some strange words.
You are more confused.
You feel less invigorated. Sigmund barely misses you.
Sigmund barely misses you. Sigmund gestures at you while chanting.
The magic dart hits you but does no damage.
Sigmund gestures at you while chanting. The puff of flame misses you.
Sigmund points at you and mumbles some strange words.
You are more confused.
Sigmund closely misses you.
Sigmund hits you from afar with a +0 scythe.
Sigmund hits you from afar with a +0 scythe!
Sigmund closely misses you. Sigmund casts a spell at you.
You are more confused.
Sigmund casts a spell at you.
You are more confused.
Sigmund hits you from afar with a +0 scythe.
Sigmund breathes a few words.
Sigmund's hands start flickering wildly.
Sigmund hits you from afar with a +0 scythe!
Sigmund points at you and mumbles some strange words.
The puff of flame hits you. You resist.
Sigmund smiles chillingly.
Sigmund hits you from afar with a +0 scythe.
You die...
Sigmund begins carving another notch in his scythe.

#.#...............#
#.#.#######.......#
#.#...............#
#.#.#.######......#
#.#.#.............#
#.#.#.######......#
#@#.#.# #......#
#.#.#.# ####'###
#.@.#.# #.# #
#####.# #.# # #.#
#.# # #.#########.#
# #...........# #
############# # # #


You could see Sigmund.

Vanquished Creatures
  2 adders (D:2)
  2 ball pythons (D:1)
  3 bats (D:1)
  5 endoplasms
  2 giant cockroaches (D:2)
  8 hobgoblins
  5 jackals (D:1)
  3 quokkas
  A frilled lizard (D:1)
  3 goblins (D:2)
  3 kobolds
  4 rats
41 creatures vanquished.

Notes
Turn   | Place    | Note
-------+----------+-------------------------------------------
     0 | D:1      | qw the Gargoyle Hunter began the quest for the Orb.
     0 | D:1      | Reached XP level 1. HP: 12/12 MP: 1/1
     0 | D:1      | 0 ||| qw: Version: 0.3-a-132-g3d54051
     0 | D:1      | 0 ||| qw: Game counter: 538
     0 | D:1      | 0 ||| qw: Melee chars always use a shield: true
     0 | D:1      | 0 ||| qw: God list: Okawaru
     0 | D:1      | 0 ||| qw: Allow faded altars: false
     0 | D:1      | 0 ||| qw: Do Orc after clearing Dungeon:15 true
     0 | D:1      | 0 ||| qw: Do second Lair branch before Depths: true
     0 | D:1      | 0 ||| qw: Lair rune preference: random
     0 | D:1      | 0 ||| qw: Goals: Normal
     0 | D:1      | 0 ||| PLANNING D:1-11
    49 | D:1      | HP: 3/12 [jackal (2)]
    54 | D:1      | HP: 2/12 [jackal (1)]
    57 | D:1      | Reached XP level 2. HP: 2/17 MP: 2/2
   394 | D:1      | Reached XP level 3. HP: 21/21 MP: 3/3
   539 | D:1      | Reached skill level 5 in Ranged Weapons
   857 | D:1      | 857 ||| READING 4 scrolls labelled BAISAF UZUDDYU.
   858 | D:1      | 858 ||| READING 3 scrolls labelled ZEYSYXT YNIH.
   862 | D:1      | 862 ||| READING scroll labelled LOLASS ZAWO.
   862 | D:1      | 862 ||| BRANDING +0 shortbow.
   863 | D:1      | 863 ||| READING scroll labelled IDYONA JAKHUIS.
   863 | D:1      | 863 ||| IDENTIFYING smoky brown potion
   864 | D:1      | 864 ||| DROPPING scroll of butterflies.
   865 | D:1      | 865 ||| DROPPING 3 scrolls of amnesia.
   866 | D:1      | 866 ||| DROPPING potion of lignification.
  1028 | D:2      | Reached skill level 3 in Fighting
  1263 | D:2      | Reached XP level 4. HP: 28/28 MP: 4/4
  1418 | D:2      | Found a runed translucent door.
  1419 | D:2      | Noticed Crazy Yiuf
  1507 | D:2      | Noticed Sigmund
  1511 | D:2      | 1511 ||| DRINKING yellow potion.
  1512 | D:2      | 1512 ||| DRINKING brown potion.
  1513 | D:2      | 1513 ||| DRINKING orange potion.
  1514 | D:2      | 1514 ||| DRINKING inky potion.
  1519 | D:2      | 1519 ||| DRINKING murky sapphire potion.
  1538 | D:2      | HP: 4/28 [Sigmund/puff of flame (4)]
  1539 | D:2      | Slain by Sigmund

Levels and vault maps discovered:
D:1:      psy_arrival_terrarium, layout_basic
D:2:      layout_basic, hangedman_decor_slide_cut, uniq_sigmund,
          uniq_crazy_yiuf_cottage

Skill      XL: |  1  2  3 |
---------------+----------+-----
Ranged Weapons | 5 |  5.2
Fighting       | 3 |  3.0
Dodging        | |  1.5
Stealth        | |  1.1

Action                     |  1- 3 |  4- 6 || total
---------------------------+-------+-------++-------
   Fire: Shortbow          |    98 |     9 ||   107
    Use: Scroll            |     4 |       ||     4
         Potion            |       |     5 ||     5
 Armour: Leather armour    |    30 |    11 ||    41
  Dodge: Dodged            |    24 |     8 ||    32

Table legend:
 A = Non-vault XP
 B = Vault XP
 C = Vault XP percentage of total XP
 D = Non-vault monster count
 E = Vault monster count
 F = Vault count percentage of total count
                 A         B        C        D         E       F
            +---------+---------+-------+---------+---------+-------
      Total |      95 |       0 |   0.0 |      41 |       0 |   0.0
            +---------+---------+-------+---------+---------+-------
        D:1 |      45 |       0 |   0.0 |      25 |       0 |   0.0
        D:2 |      50 |       0 |   0.0 |      16 |       0 |   0.0
            +---------+---------+-------+---------+---------+-------
